 Dungeon Crawl Stone Soup version 0.22.0-38-g04b72b8c25 (webtiles) character file.

2860 Riddle the Covert (level 9, -4/61 HPs)
             Began as a Vampire Enchanter on Aug 30, 2018.
             Was an Initiate of Ashenzari.
             Shot with a bolt by an orc warrior (13 damage)
             ... in a bailey.
             The game lasted 00:33:28 (11546 turns).

Riddle the Covert (Vampire Enchanter)              Turns: 11546, Time: 00:33:29

Health: -4/61      AC:  4    Str:  7    XL:     9   Next: 47%
Magic:  0/22       EV: 13    Int: 21    God:    Ashenzari [......]
Gold:   413        SH:  0    Dex: 14    Spells: 8/14 levels left

rFire    x . .     SeeInvis +   a - +1 dagger
rCold    + + +     Gourm    .   (no shield)
rNeg     + + +     Faith    .   b - +0 robe
rPois    ∞         Spirit   +   (no helmet)
rElec    .         Reflect  .   F - scarf {Spirit}
rCorr    +         Harm     .   r - +0 pair of gloves
MR       .....                  f - +0 pair of boots
Stlth    +++++++...             (no amulet)
HPRegen  0.00/turn              y - ring "Otann" {rCorr rPois rF- rC++ SInv}
MPRegen  0.18/turn              E - ring of magical power

@: bloodless, non-regenerating
A: fangs 3, see invisible, unbreathing
a: Bat Form, Curse Item, Renounce Religion


You were in a bailey.
You worshipped Ashenzari.
Ashenzari was noncommittal.
You were bloodless.

You visited 2 branches of the dungeon, and saw 9 of its levels.
You also visited: Bailey.

You collected 413 gold pieces.

Inventory:

Hand Weapons
 a - a +1 dagger (weapon)
Armour
 b - a +0 robe (worn)
 f - a +0 pair of boots (worn)
 r - a +0 pair of gloves (worn)
 F - a scarf of spirit shield (worn)
Jewellery
 p - an uncursed ring of wizardry
 y - the ring "Otann" (left hand) {rCorr rPois rF- rC++ SInv}
   (You found it on level 4 of the Dungeon)

   [ring of resist corrosion]

   It makes you vulnerable to fire.
   It greatly protects you from cold.
   It protects you from poison.
   It lets you see invisible.
 B - an uncursed ring of protection from magic
 E - a ring of magical power (right hand)
 G - an uncursed ring of protection from cold
Wands
 w - a wand of flame (11)
 z - a wand of enslavement (17)
 A - a wand of scattershot (7)
 D - a wand of paralysis (12)
Scrolls
 c - 9 scrolls of identify
 e - a scroll of amnesia {unknown}
 j - 2 scrolls of enchant weapon {unknown}
 l - 2 scrolls of enchant armour {unknown}
 n - 2 scrolls of random uselessness {unknown}
 o - 4 scrolls of immolation {unknown}
 s - a scroll of blinking {unknown}
 t - 4 scrolls of teleportation {unknown}
 u - a scroll of magic mapping {unknown}
 v - 5 scrolls of remove curse
 x - 3 scrolls of fear {unknown}
Potions
 d - 12 potions of blood
 g - 2 potions of agility {unknown}
 h - 5 potions of heal wounds {unknown}
 i - 2 potions of might {unknown}
 k - a potion of lignification {unknown}
 m - 3 potions of degeneration {unknown}
 q - a potion of cancellation {unknown}
 C - 2 potions of curing
 H - a potion of ambrosia {unknown}
 I - a potion of flight {unknown}


   Skills:
 + Level 2.1 Fighting
 + Level 8.3 Short Blades
 + Level 2.8 Dodging
 + Level 11.5 Stealth
 + Level 3.0 Spellcasting
 + Level 10.8 Hexes


You had 8 spell levels left.
You knew the following spells:

 Your Spells              Type           Power        Failure   Level  Hunger
a - Corona                Hex            #####..      1%          1    None
b - Ensorcelled Hibernat  Hex/Ice        ####..       2%          2    ##.....
c - Confuse               Hex            #####...     1%          3    ###....

Your spell library contained the following spells:

 Spells                   Type           Power        Failure   Level  Hunger
 Confusing Touch          Hex            #####.       1%          1    None
 Tukima's Dance           Hex            #####...     1%          3    ###....
 Dazzling Spray           Conj/Hex       ####..       4%          3    ###....
 Gell's Gravitas          Tloc           #.........   36%         3    ###....
 Metabolic Englaciation   Hex/Ice        ####......   36%         5    ######.
 Yara's Violent Unravell  Hex/Tmut       ####......   36%         5    ######.
 Petrify                  Tmut/Erth      #.......     78%         4    ####...


Dungeon Overview and Level Annotations

Branches:
Dungeon (8/15)             Temple (1/1) D:5
   Lair: D:8-11

Altars:
Ashenzari
Cheibriados
Elyvilon
Fedhas
Gozag
Hepliaklqana
Kikubaaqudgha
Makhleb
Nemelex Xobeh
Okawaru
Qazlal
Ru
Trog
Uskayaw
Vehumet
Wu Jian
Xom
Yredelemnul
Zin
The Shining One

Shops:
D:4 (   D:8 =

Annotations:
D:7 2 transporters, Guilych's ghost, novice GnWz


Innate Abilities, Weirdness & Mutations

You do not heal naturally.
You are immune to poison.
You have razor-sharp teeth.
You have supernaturally acute eyesight. (SInv)
You can survive without breathing.


Message History

* * * LOW HITPOINT WARNING * * *
The orc hits you from afar with a spear.
* * * LOW HITPOINT WARNING * * *
Things that are here:
an uncursed arbalest; 9 bolts; an uncursed ring mail The orc closely misses you.
The orc warrior shoots a bolt.
The bolt misses you. The orc closely misses you.
You see here a bolt.
The orc completely misses you.
The orc warrior yells loudly.
Casting: Ensorcelled Hibernation (safe; 2% risk of failure)
Confirm with . or Enter, or press ? or * to list all spells.
Aiming: Ensorcelled Hibernation (safe; 2% risk of failure)
Press: ? - help, Shift-Dir - straight line, f - orc warrior
Aim: an orc warrior, wielding a glaive and wearing a ring mail (chance to defeat MR: 54%)
The orc warrior looks drowsy...
The orc knight roars a battlecry!
The orcs go into a battle-frenzy!
The orc warrior shoots a bolt.
The bolt hits you!
You die...

### ##
#########∩######### #.##
##.....##.∩.##.....##..=#
#..≈≈≈..#...#..≈≈≈..#..)#
#.≈≈o≈≈.......≈≈o≈≈.#..)#
+.≈.oo≈.......≈oo.≈.'o..#
#.≈≈o≈≈.)..o@.≈≈o≈≈.#..?#
#..≈≈≈..#...#.o≈≈≈..#...#
##.....##...##(.o..##o..#
#########∩######### #.##
### ##


You could see an orc knight, 3 orc warriors and 4 orcs.

Vanquished Creatures
  A wyvern (D:8)
  A water moccasin (D:7)
  A phantom (D:5)
  A sky beast (D:7)
  An ice beast (D:7)
  2 black bears (D:7)
  A necrophage (D:7)
  3 orc warriors
  3 centaurs
  A big kobold (D:7)
  Blork the orc (D:4)
  5 bullfrogs
  2 scorpions
  A howler monkey (D:4)
  4 wights (D:7)
  The ghost of topfpfpflanze the Digger, a weakling FoEE (D:4)
  An electric eel (D:8)
  5 crimson imps
  A centaur zombie (D:8)
  2 jellies
  An orc wizard (D:6)
  2 iguanas (D:7)
  3 worker ants
  11 gnolls
  10 adders
  4 oozes
  3 worms
  3 leopard geckos
  5 orcs
  10 bats
  7 giant cockroaches
  9 goblins
  7 hobgoblins
  10 jackals
  A quokka (D:6)
  5 frilled lizards
  3 jackal skeletons
  10 kobolds
  2 leopard gecko skeletons
  7 rats
151 creatures vanquished.

Notes
Turn   | Place    | Note
-------+----------+-------------------------------------------
     0 | D:1      | Riddle the Vampire Enchanter began the quest for the Orb.
     0 | D:1      | Reached XP level 1. HP: 13/13 MP: 3/3
     0 | D:1      | Noticed a large abomination
     0 | D:1      | Noticed an orb of fire
     2 | D:1      | Noticed a white draconian
     5 | D:1      | Noticed a large abomination
     8 | D:1      | Noticed a large abomination
    10 | D:1      | Noticed a shadow dragon
    10 | D:1      | Noticed a red draconian
    12 | D:1      | Noticed a shadow dragon
    12 | D:1      | Noticed an ice dragon
    14 | D:1      | Noticed a black draconian
    14 | D:1      | Noticed an orb of fire
    14 | D:1      | Noticed a red draconian
    16 | D:1      | Noticed an ice dragon
    16 | D:1      | Noticed a tentacled monstrosity
    18 | D:1      | Noticed a tentacled monstrosity
    18 | D:1      | Noticed a white draconian
    20 | D:1      | Noticed an ice dragon
  2017 | D:1      | Reached XP level 2. HP: 19/19 MP: 5/5
  2021 | D:1      | Learned a level 2 spell: Ensorcelled Hibernation
  2386 | D:1      | Reached skill level 5 in Stealth
  2457 | D:1      | Reached skill level 5 in Hexes
  2718 | D:1      | Reached XP level 3. HP: 24/24 MP: 0/6
  3894 | D:2      | Reached XP level 4. HP: 28/30 MP: 2/7
  3964 | D:2      | Learned a level 3 spell: Confuse
  4042 | D:2      | Found a faded altar of an unknown god.
  4688 | D:4      | Noticed Blork the orc
  5235 | D:4      | Found a runed gate.
  5235 | D:4      | Found a runed gate.
  5249 | D:4      | Found a runed gate.
  5256 | D:4      | Noticed topfpfpflanze's ghost (weakling FoEE)
  5446 | D:4      | Killed Blork the orc
  5446 | D:4      | Reached skill level 6 in Stealth
  5446 | D:4      | Reached XP level 5. HP: 18/35 MP: 2/8
  6151 | D:4      | Found Luwn's Weapon Emporium.
  6218 | D:4      | Reached XP level 6. HP: 41/41 MP: 6/9
  6310 | D:4      | Got a crude turquoise ring
  6384 | D:4      | Found a sacrificial altar of Ru.
  6745 | D:5      | Entered Level 5 of the Dungeon
  6771 | D:5      | Reached skill level 7 in Stealth
  7231 | D:5      | Reached skill level 5 in Short Blades
  7280 | D:4      | Reached XP level 7. HP: 46/46 MP: 7/10
  7363 | D:4      | Killed topfpfpflanze's ghost
  7417 | D:4      | Identified the ring "Otann" {rCorr rPois rF- rC++ SInv} (You found it on level 4 of the Dungeon)
  7651 | D:5      | Found a staircase to the Ecumenical Temple.
  7663 | Temple   | Entered the Ecumenical Temple
  7946 | Temple   | Became a worshipper of Ashenzari the Shackled
  8263 | D:5      | Reached skill level 8 in Stealth
  8575 | D:6      | Found a white marble altar of Elyvilon.
  8590 | D:6      | Reached skill level 9 in Stealth
  8741 | D:6      | Reached XP level 8. HP: 48/52 MP: 11/11
  8933 | D:6      | Found a hazy altar of Hepliaklqana.
  9202 | D:7      | Reached skill level 10 in Stealth
 10212 | D:7      | Found a transporter.
 10213 | D:7      | Noticed Guilych's ghost (novice GnWz)
 10216 | D:7      | Noticed a two-headed ogre
 10234 | D:7      | Reached skill level 10 in Hexes
 10247 | D:7      | Found a transporter.
 10426 | D:7      | Reached XP level 9. HP: 57/57 MP: 10/12
 10431 | D:7      | Reached skill level 11 in Stealth
 10553 | D:7      | Reached skill level 1 in Fighting
 11244 | D:8      | Found Meriyng's Jewellery Emporium.
 11379 | D:8      | Found an iron altar of Okawaru.
 11422 | D:8      | Found a flagged portal.
 11461 | Bailey   | Entered a bailey
 11474 | Bailey   | Noticed an orc knight
 11546 | Bailey   | Shot with a bolt by an orc warrior

Skill      XL: |  1  2  3  4  5  6  7  8  9 |
---------------+----------------------------+-----
Stealth        | 5 6 7 9 10 11 | 11.5
Hexes          | 5 6 7 8 10 | 10.8
Short Blades   | 2 3 4 5 6 7 8 |  8.3
Fighting       | 2 |  2.1
Spellcasting   | 3 |  3.0
Dodging        | |  2.8

Action                   |  1- 3 |  4- 6 |  7- 9 || total
-------------------------+-------+-------+-------++-------
Melee: Dagger            |    87 |    76 |   174 ||   337
       Bite              |     4 |     2 |     7 ||    13
 Cast: Corona            |     2 |       |       ||     2
       Ensorcelled Hiber |    28 |    16 |    93 ||   137
       Confuse           |       |     6 |    24 ||    30
  Use: Scroll            |     1 |       |     4 ||     5
       Potion            |       |     5 |     1 ||     6
 Stab: Sleeping          |    30 |    34 |    49 ||   113
       Confused          |       |     3 |    16 ||    19
       Distracted        |       |       |     1 ||     1
Armor: Robe              |    22 |     7 |    30 ||    59
Dodge: Dodged            |    64 |    29 |   102 ||   195
